Map: Lightshade LE

Players

Dark - Winner!

  • Race: Zerg Zerg
  • Spawn Location: 5:00

TIME (Oliveira)

  • Race: Terran Terran
  • Spawn Location: 11:00

Event: IEM Katowice 2021

VOD

Have the link to the VOD?

Description

Time

  • Played on: Feb. 23, 2021, 11:25 a.m.
  • Length: 9:38

All games in this series

Show
View Real Time Build Order
Export as new Build Order

Dark Zerg - Winner!

Build Orders: Pool First 

Get SALT Encoding   

  12  0:00  Drone  
  13  0:12  Overlord  
  13  0:17  Drone  
  14  0:30  Drone x2  
  16  0:38  Drone  
  17  0:44  Extractor  
  17  0:45  Drone  
  17  0:52  Spawning Pool  
  17  0:55  Drone  
  17  1:08  Drone  
  18  1:16  Hatchery  
  17  1:20  Drone  
  18  1:27  Drone  
  19  1:39  Queen  
  22  1:40  Zergling x2  
  22  1:46  Metabolic Boost  
  22  1:53  Overlord  
  22  2:12  Drone  
  22  2:13  Drone  
  24  2:15  Queen  
  24  2:22  Drone  
  27  2:28  Queen  
  29  2:32  Drone x2  
  31  2:39  Overlord  
  31  2:46  Drone x4  
  35  3:02  Hatchery, Drone  
  35  3:04  Drone  
  36  3:08  Drone x2  
  38  3:19  Queen  
  40  3:25  Overlord  
  40  3:26  Drone x4  
  44  3:35  Overlord  
  44  3:41  Overlord  
  44  3:45  Zergling x8  
  44  3:46  Drone  
  49  3:54  Queen x2  
  53  4:00  Zergling x2, Drone  
  55  4:04  Evolution Chamber  
  55  4:06  Evolution Chamber, Drone x2  
  55  4:08  Drone  
  56  4:14  Extractor, Drone x3, Queen  
  60  4:19  Drone  
  60  4:21  Drone, Spore Crawler  
  60  4:23  Drone  
  62  4:24  Drone  
  62  4:32  Zergling x2  
  62  4:34  Drone, Spore Crawler  
  63  4:40  Drone x2, Spore Crawler  
  63  4:41  Drone x2  
  63  4:45  Zergling x4  
  68  4:50  Zerg Melee Weapons Level 1  
  68  4:51  Zerg Ground Armor Level 1  
  68  4:57  Drone x2  
  68  4:58  Spore Crawler  
  68  4:59  Drone  
  70  5:05  Drone x2  
  72  5:10  Drone x2  
  72  5:11  Overlord  
  72  5:13  Overlord  
  72  5:14  Overlord  
  74  5:19  Extractor, Lair  
  74  5:21  Extractor  
  72  5:26  Drone x3  
  72  5:27  Baneling Nest  
  73  5:29  Drone  
  73  5:32  Drone  
  73  5:33  Drone x2  
  77  5:36  Drone x3  
  77  5:39  Drone x3  
  77  5:41  Drone  
  84  5:51  Drone x4  
  84  5:54  Hatchery  
  87  6:00  Drone  
  88  6:06  Hatchery  
  88  6:08  Drone x4  
  91  6:12  Zergling x4  
  91  6:14  Zergling x10  
  91  6:18  Overlord  
  98  6:19  Centrifical Hooks  
  98  6:23  Overlord  
  98  6:27  Infestation Pit  
  98  6:31  Hatchery  
  96  6:36  Overlord  
  96  6:37  Zergling x4  
  96  6:38  Baneling  
  96  6:39  Baneling x8  
  98  6:43  Zergling x6  
  98  6:46  Zergling x4  
  103  6:48  Zergling x6  
  103  6:52  Overlord  
  106  6:54  Zerg Melee Weapons Level 2  
  105  7:03  Zergling x2  
  105  7:04  Overlord  
  105  7:07  Overlord  
  105  7:08  Zergling x14  
  111  7:14  Zergling x8  
  114  7:19  Zergling x10  
  114  7:21  Baneling x5  
  119  7:26  Zergling x6  
  122  7:38  Drone x2  
  122  7:39  Drone x4  
  122  7:40  Hatchery  
  122  7:42  Hive  
  127  7:49  Overseer, Burrow  
  128  7:51  Drone x2  
  128  7:52  Zergling x16  
  128  7:56  Drone  
  128  7:57  Drone x4  
  140  8:09  Zergling x4, Baneling x5  
  142  8:13  Overlord x3  
  141  8:23  Overlord  
  141  8:25  Hatchery  
  138  8:31  Overlord  
  138  8:32  Drone x2  
  138  8:33  Drone x3  
  142  8:36  Zergling x24  
  142  8:37  Zergling x2  
  154  8:55  Zergling x24  
  164  8:57  Zergling x4  
  164  8:58  Baneling x4  
  164  8:59  Baneling x6  
  164  9:00  Zergling x6  
  149  9:10  Zergling x12  
  149  9:13  Zergling x4  
  149  9:14  Baneling x4  
  143  9:17  Zergling x2  
  143  9:21  Zergling x2  
Show
View Real Time Build Order
Export as new Build Order

TIME Terran 

Build Orders: Reaper Expand, Hellion Banshee 

Get SALT Encoding   

  12  0:00  SCV  
  13  0:12  SCV  
  14  0:17  Supply Depot  
  14  0:24  SCV  
  15  0:38  SCV  
  15  0:40  Barracks  
  16  0:43  Refinery  
  16  0:50  SCV  
  17  1:02  SCV  
  18  1:14  SCV  
  19  1:27  Reaper, Orbital Command  
  20  1:38  Command Center  
  20  1:47  Supply Depot  
  20  1:53  SCV  
  21  1:59  Marine  
  22  2:05  SCV  
  22  2:08  Factory  
  23  2:12  Refinery  
  23  2:17  SCV  
  23  2:22  Barracks Reactor  
  24  2:29  SCV  
  25  2:41  SCV  
  26  2:51  Orbital Command, Factory Tech Lab  
  26  2:53  SCV  
  26  2:58  Marine x2  
  29  3:01  Starport  
  30  3:05  SCV  
  30  3:18  SCV  
  30  3:19  SCV  
  31  3:21  Hellion x2  
  35  3:30  SCV  
  35  3:31  SCV  
  37  3:37  Supply Depot  
  37  3:42  SCV  
  37  3:43  SCV, Banshee  
  37  3:44  Hellion  
  37  3:45  Hellion  
  37  3:48  Barracks Tech Lab  
  46  3:58  SCV x2  
  46  4:01  Supply Depot  
  48  4:06  Hellion x2  
  48  4:09  Stimpack  
  52  4:12  SCV x2  
  54  4:24  Command Center  
  54  4:26  Raven  
  54  4:29  SCV  
  57  4:33  SCV  
  57  4:35  Marine  
  59  4:41  SCV  
  59  4:42  Supply Depot  
  59  4:43  Factory Reactor  
  59  4:45  Barracks  
  60  4:48  SCV  
  60  4:49  Barracks  
  61  4:53  SCV  
  62  5:03  SCV, Marine  
  62  5:05  SCV  
  65  5:07  Engineering Bay  
  65  5:08  Supply Depot, Engineering Bay  
  65  5:09  Refinery  
  65  5:10  Refinery  
  65  5:15  SCV  
  65  5:17  SCV  
  65  5:18  Starport Reactor  
  67  5:27  SCV  
  68  5:30  SCV, Siege Tank  
  72  5:37  Marine x2  
  72  5:38  Marine  
  72  5:39  Terran Infantry Armor Level 1, Terran Infantry Weapons Level 1  
  72  5:42  SCV, Barracks  
  76  5:43  SCV  
  76  5:44  Barracks  
  76  5:46  Orbital Command  
  76  5:48  Marine  
  76  5:49  Marine  
  79  5:54  SCV  
  79  5:55  Marine  
  81  5:57  Medivac x2  
  81  5:59  Marine  
  81  6:01  Marine  
  81  6:03  Siege Tank  
  90  6:05  SCV  
  90  6:08  Supply Depot, Marine  
  90  6:09  Orbital Command  
  90  6:10  SCV  
  93  6:18  Combat Shield  
  93  6:23  Supply Depot  
  93  6:26  Supply Depot  
  93  6:30  SCV, Supply Depot, Marine x4  
  93  6:31  Medivac  
  100  6:37  Barracks Reactor  
  101  6:40  SCV, Barracks Reactor  
  101  6:44  Medivac, SCV x2, Marine  
  106  6:48  Marine x2  
  106  6:52  SCV  
  109  6:56  SCV x2, Marine  
  109  7:03  Marine  
  109  7:04  SCV, Siege Tank  
  109  7:07  Marine  
  111  7:08  Medivac  
  111  7:09  SCV x2  
  111  7:11  Marine x2  
  111  7:14  Marine  
  118  7:16  SCV  
  119  7:24  Marine x2  
  119  7:26  Marine  
  119  7:27  SCV  
  119  7:29  SCV x2  
  124  7:30  Armory  
  124  7:31  Supply Depot, Refinery  
  124  7:33  Marine  
  125  7:37  Supply Depot x3  
  125  7:39  Medivac, Marine, Siege Tank  
  125  7:40  SCV  
  125  7:42  SCV  
  133  7:53  SCV x2, Marine x4  
  133  7:56  SCV  
  140  7:59  Supply Depot  
  140  8:00  Supply Depot, Marine x2  
  140  8:01  Medivac  
  142  8:06  Marine  
  142  8:07  Marine  
  142  8:08  SCV x2  
  142  8:10  SCV  
  147  8:14  Marine  
  148  8:22  Marine x2  
  148  8:26  Factory  
  148  8:31  Marine x2  
  148  8:32  SCV x2  
  144  8:35  Marine x2  
  144  8:36  Marine  
  144  8:37  Marine x2  
  144  8:39  Siege Tank  
  149  8:41  Marine  
  149  8:42  Marine  
  151  8:48  Marine  
  151  8:53  Marine  
  137  8:58  Marine x3  
  117  9:10  Marine  
  117  9:13  Marine x2  
  117  9:14  SCV x2  
  117  9:15  SCV  

Tags
 
Add a new tag
Caveats
  • Supply blocks, unpowered buildings, or Contaminate may cause inaccurate times.
  • Supply counts are checked every 10 seconds.